 Dungeon Crawl Stone Soup version 0.24.1-11-gbbbb2193e6 (webtiles) character file.

Game seed: 13506697806126856145, levelgen mode: deterministic

1306 Hugehornet the Changer (level 8, 0/57 HPs)
             Began as an Octopode Transmuter on May 15, 2020.
             Killed from afar by an orc wizard (3 damage)
             ... with a magic dart
             ... on level 5 of the Dungeon.
             The game lasted 00:12:18 (6868 turns).

Hugehornet the Changer (Octopode Transmuter)        Turns: 6868, Time: 00:12:19

Health: 0/57       AC:  6    Str:  9 (12) XL:     8   Next: 57%
Magic:  19/23      EV: 15    Int: 18 (19) God:
Gold:   234        SH:  0    Dex: 15 (16) Spells: 0/15 levels left

rFire    x . .     SeeInvis .     - Unarmed
rCold    + + +     Gourm    .   (shield currently unavailable)
rNeg     + . .     Faith    .   (helmet currently unavailable)
rPois    +         Spirit   .   (no amulet)
rElec    .         Reflect  .   d - ring of attention (curse)
rCorr    .         Harm     .   k - ring "Lomuuch" {rPois rN+ MP+9 Str+3 Dex-2}
MR       .....                  (no ring)
Stlth    +.........             (no ring)
HPRegen  0.19/turn              (no ring)
MPRegen  0.18/turn              (no ring)
                                (no ring)
                                (no ring)

@: agile, ice-form
A: large, almost no armour, stealthy swim, amphibious, 8 rings, (constrict 8),
clever 1, mutation resistance 1, sense surroundings 1
a: End Transformation


You were on level 5 of the Dungeon.
You were hungry.
You were a creature of crystalline ice.
You visited 1 branch of the dungeon, and saw 5 of its levels.

You collected 234 gold pieces.

Inventory:

Missiles
 a - 90 arrows
Jewellery
 d - a cursed ring of attention (left front paw)
 k - the ring "Lomuuch" (right front paw) {rPois rN+ MP+9 Str+3 Dex-2}
   (You found it on level 4 of the Dungeon)

   [ring of positive energy]

   It affects your strength (+3).
   It affects your dexterity (-2).
   It protects you from poison.
   It protects you from negative energy.
   It affects your magic capacity (+9).
Scrolls
 b - a scroll of remove curse {unknown}
 e - 3 scrolls of enchant weapon
 f - a scroll of enchant armour
 g - 2 scrolls of identify
 i - a scroll of fog {unknown}
 j - a scroll of noise {unknown}
 n - 2 scrolls of fear {unknown}
 o - 2 scrolls of magic mapping {unknown}
 q - 2 scrolls of teleportation {unknown}
Potions
 l - a potion of agility
Comestibles
 c - 9 rations


   Skills:
 - Level 1.0 Fighting
 - Level 2.0 Dodging
 + Level 5.0 Unarmed Combat
 + Level 4.4 Spellcasting
 - Level 6.0 Transmutations
 * Level 4.8 Ice Magic
 - Level 3.0 Poison Magic


You couldn't memorise any spells.
You knew the following spells:

 Your Spells              Type           Power        Failure   Level  Hunger
a - Beastly Appendage     Tmut           ####..       1%          1    None
b - Sticks to Snakes      Tmut           ####....     1%          2    #......
c - Spider Form           Tmut/Pois      ###.......   7%          3    ###....
d - Ice Form              Ice/Tmut       ###.....     16%         4    ####...
e - Blade Hands           Tmut           ####......   32%         5    ######.

Your spell library contained the following spells:

 Spells                   Type           Power        Failure   Level  Hunger
 Infusion                 Chrm           #...         14%         1    None
 Shroud of Golubria       Chrm/Tloc      #.....       22%         2    #......
 Song of Slaying          Chrm           #.......     22%         2    #......
 Regeneration             Chrm/Necr      #.........   38%         3    ###....
 Spectral Weapon          Hex/Chrm       #.......     38%         3    ###....


Dungeon Overview and Level Annotations

Branches:
Dungeon (5/15)
 Temple: D:4-7

Altars:
Hepliaklqana


Innate Abilities, Weirdness & Mutations

You cannot wear most types of armour.
You are very stealthy in the water. (Stealth+)
You are amphibious.
You can wear up to eight rings at the same time.
((You can use your tentacles to constrict eight enemies at once.))
((Your skin changes colour to match your surroundings (Stealth+).))
((Your rubbery body absorbs attacks. (AC +1, EV +1)))
Your mind is acute. (Int +2)
You are somewhat resistant to further mutation.
You passively map a small area around you.


Message History

You punch the centaur zombie!
The centaur zombie is heavily damaged.
The centaur zombie hits you.
* * * LOW HITPOINT WARNING * * *
The centaur zombie hits you.
* * * LOW HITPOINT WARNING * * *
You hit the centaur zombie.
The centaur zombie is severely damaged.
The centaur zombie hits you but does no damage.
Okay, then.
You hit the centaur zombie.
The centaur zombie is severely damaged.
The centaur zombie closely misses you.
You punch the centaur zombie!
You destroy the centaur zombie!
Training target 6.0 for Transmutations reached!
Your Transmutations skill increases to level 6!
A magic dart appears from out of thin air!
The magic dart hits you.
You die...

#.
##................##...###
## ####.....#######..#...#
** ####......# #....#.# *
#..###.# ###...g.**
##..##.#####......,,,* * ,
##..#............. , * ,
##..## #.####.... ##..#
#.# ..... , ##Y####.#
...... , #.##...# , ,, ,
** #.5..### * , , , *
###..# , #..# * #..# , **
##).### , * #5....#* *
.....$.###.....


You could see a crimson imp.

Vanquished Creatures
  Pikel (D:4)
  A slave (D:4)
  A phantom (D:4)
  An ogre (D:4)
  A centaur zombie (D:5)
  A gnoll shaman (D:5)
  2 orc wizards (D:3)
  4 orc priests
  2 hounds
  5 worker ants
  9 gnolls
  6 adders
  3 oozes
  A worm (D:2)
  5 dart slugs
  3 leopard geckos
  22 orcs
  16 goblins
  6 hobgoblins
  7 kobolds
  3 quokkas
  A ball python (D:5)
  5 bats
  4 frilled lizards
  A jackal skeleton (D:4)
  7 rats
118 creatures vanquished.

Vanquished Creatures (others)
  A gnoll (D:4)
  2 adders (D:4)
  An orc (D:4)
4 creatures vanquished.

Grand Total: 122 creatures vanquished

Notes
Turn   | Place    | Note
-------+----------+-------------------------------------------
     0 | D:1      | Hugehornet the Octopode Transmuter began the quest for the
                  | Orb.
     0 | D:1      | Reached XP level 1. HP: 13/13 MP: 3/3
   476 | D:1      | Reached XP level 2. HP: 12/18 MP: 3/5
  1359 | D:1      | Reached skill level 3 in Transmutations
  1361 | D:1      | Reached XP level 3. HP: 23/23 MP: 4/6
  1576 | D:2      | Learned a level 2 spell: Sticks to Snakes
  1580 | D:2      | Learned a level 3 spell: Spider Form
  1750 | D:2      | Reached skill level 1 in Poison Magic
  2106 | D:2      | Reached XP level 4. HP: 26/28 MP: 6/8
  3488 | D:3      | Reached XP level 5. HP: 29/33 MP: 9/9
  3657 | D:3      | Learned a level 4 spell: Ice Form
  3859 | D:3      | Gained mutation: You passively map a small area around you.
                  | [potion of mutation]
  3859 | D:3      | Gained mutation: Your mind is acute. (Int +2) [potion of
                  | mutation]
  3859 | D:3      | Gained mutation: You are somewhat resistant to further
                  | mutation. [potion of mutation]
  3896 | D:3      | Reached skill level 1 in Ice Magic
  3904 | D:3      | Reached XP level 6. HP: 34/38 MP: 7/10
  3999 | D:3      | Found a faded altar of an unknown god.
  4090 | D:3      | Found a hazy altar of Hepliaklqana.
  4443 | D:4      | Noticed a phantom
  4759 | D:4      | Killed a phantom
  4990 | D:4      | Noticed a slave
  4990 | D:4      | Noticed a slave
  4992 | D:4      | Reached skill level 4 in Transmutations
  4992 | D:4      | Noticed Pikel
  5000 | D:4      | Noticed a slave
  5023 | D:4      | Killed a slave
  5030 | D:4      | Killed Pikel
  5030 | D:4      | Reached skill level 5 in Transmutations
  5030 | D:4      | Reached XP level 7. HP: 16/43 MP: 10/13
  5030 | D:4      | Reached XP level 8. HP: 18/48 MP: 10/14
  5037 | D:4      | Learned a level 5 spell: Blade Hands
  5946 | D:4      | Got a twitching granite ring
  5947 | D:4      | Identified the ring "Lomuuch" {rPois rN+ MP+9 Str+3 Dex-2}
                  | (You found it on level 4 of the Dungeon)
  6131 | D:5      | Entered Level 5 of the Dungeon
  6532 | D:5      | Reached skill level 5 in Unarmed Combat
  6868 | D:5      | Reached skill level 6 in Transmutations
  6868 | D:5      | Killed from afar by an orc wizard

Levels and vault maps discovered:
D:1:      onia_arrival_pyramid, layout_basic
D:2:      layout_loops_ring, dk_noncrumbling_3
D:3:      layout_loops_ring, lemuel_coloured_pillars_altar, first_ration,
          chequers_ecumenical_altar_simple
D:4:      layout_basic, minmay_distorted, uniq_pikel
D:5:      layout_rooms, tso_metal_star

Skill      XL: |  1  2  3  4  5  6  7  8 |
---------------+-------------------------+-----
Transmutations | 3 5 6 |  6.0
Poison Magic   | 1 2 3 |  3.0
Spellcasting   | 3 4 |  4.4
Ice Magic      | 1 3 4 |  4.8
Unarmed Combat | 4 5 |  5.0
Fighting       | |  1.0
Dodging        | |  2.0

Action                   |  1- 3 |  4- 6 |  7- 9 || total
-------------------------+-------+-------+-------++-------
Melee: Unarmed           |    66 |   195 |   104 ||   365
       Kick              |    15 |    22 |     9 ||    46
       Constrict         |    15 |    28 |     4 ||    47
       Tentacles         |     5 |    19 |     3 ||    27
       Punch             |     3 |     1 |     1 ||     5
 Cast: Beastly Appendage |    22 |    35 |    11 ||    68
       Spider Form       |       |     4 |     6 ||    10
       Sticks to Snakes  |       |     8 |       ||     8
       Ice Form          |       |       |     1 ||     1
 Abil: End Transformatio |       |     1 |     2 ||     3
  Use: Potion            |       |     4 |     3 ||     7
       Scroll            |       |     4 |       ||     4
 Stab: Sleeping          |     1 |       |       ||     1
  Eat: Chunk             |     4 |     7 |     5 ||    16
       Ration            |       |     1 |       ||     1
Armor: Skin              |     2 |    10 |     8 ||    20
Dodge: Dodged            |    45 |   121 |   110 ||   276
